 Dungeon Crawl Stone Soup version 0.23.0-3-gf3c87f2df8 (webtiles) character file.

Game seed: 9165906780168165239

208 PentaManta the Sneak (level 5, -2/27 HPs)
             Began as a Spriggan Assassin on Feb 20, 2019.
             Splashed by a jelly's acid (7 damage)
             ... on level 3 of the Dungeon.
             The game lasted 00:16:22 (4377 turns).

PentaManta the Sneak (Spriggan Assassin)            Turns: 4377, Time: 00:16:24

Health: -2/27      AC: -3    Str:  8    XL:     5   Next: 55%
Magic:  6/6        EV: 20    Int: 12    God:
Gold:   221        SH:  0    Dex: 20    Spells: 4/4 levels left

rFire    . . .     SeeInvis +   s - +3 short sword (vamp)
rCold    . . .     Gourm    .   (shield restricted)
rNeg     . . .     Faith    .   c - +0 robe
rPois    .         Spirit   .   (helmet restricted)
rElec    .         Reflect  .   d - +0 cloak
rCorr    .         Harm     .   (gloves unavailable)
MR       .....                  (boots unavailable)
Stlth    ++++......             (no amulet)
HPRegen  0.09/turn              (no ring)
MPRegen  0.10/turn              (no ring)

@: corroded, very quick
A: very small, unfitting armour, horns 1, icy blue scales 1, thin skeletal
structure 1, see invisible, herbivore, speed 3, slow metabolism 2, subdued magic
1
a: no special abilities


You were on level 3 of the Dungeon.
You were not hungry.

You visited 1 branch of the dungeon, and saw 4 of its levels.

You collected 221 gold pieces.

Inventory:

Hand Weapons
 b - a +0 blowgun
 j - a +3 dagger
 s - a +3 vampiric short sword (weapon)
Missiles
 e - 15 poisoned needles
 f - 2 curare-tipped needles
 n - 2 needles of frenzy
 t - a throwing net (quivered)
Armour
 c - a +0 robe (worn)
 d - a +0 cloak (worn)
Scrolls
 k - 3 scrolls of teleportation
Potions
 h - a potion of resistance {unknown}
 i - 2 potions of invisibility
 l - 3 potions of berserk rage
 m - 2 potions of magic
 q - a potion of might {unknown}
Comestibles
 g - 5 rations


   Skills:
 + Level 2.7 Fighting
 + Level 3.7 Short Blades
 - Level 2.0 Throwing
 * Level 4.6 Dodging
 - Level 7.0 Stealth


You had 4 spell levels left.
You didn't know any spells.
Your spell library was empty.

Dungeon Overview and Level Annotations

Branches:
Dungeon (4/15)
 Temple: D:4-7

Altars:
Trog


Innate Abilities, Weirdness & Mutations

You are very small and have problems with some larger weapons.
You are too small for most types of armour.
You have supernaturally acute eyesight. (SInv)
You are a herbivore.
You cover ground extremely quickly.
You need to consume almost no food.
You have a pair of small horns on your head.
You are partially covered in icy blue scales. (AC +2)
You have a somewhat thin skeletal structure. (Dex +2, Stealth)
Your spells are a little easier to cast, but a little less powerful.


Message History

a +0 dagger; a kobold corpse
Press: ? - help, v - describe, . - travel
Here: a jelly The floor.
A jelly is nearby!
You puncture the jelly! The acid corrodes you!
Your hands burn!
The jelly is heavily wounded.
The jelly hits you.
You are splashed with acid!
You hit the jelly.
You feel better. The acid corrodes you!
Your hands burn!
You headbutt the jelly, but do no damage.
The jelly is severely wounded.
The jelly jiggles.
The jelly misses you.
You hit the jelly.
Your hands burn!
* * * LOW HITPOINT WARNING * * *
The jelly is severely wounded.
The jelly hits you.
* * * LOW HITPOINT WARNING * * *
You are splashed with acid!
You die...

#.#..)..#############.#.#.....#.#
#.#.....##.PJ..P..$##.#.###.###.#
..#.....##.....÷÷..##.#.# #.# #.#
###.....##.P...P.P.##.#.###.# #.#
#.....##.P.÷÷P.P.##.#...#.# #.#
########...JJJ...##.###.#.###.#
#.÷.P..JPJ##..##.......#
##'##########.####.#####
##..JJ@(## #.# ####.). ########.#
#.#####)...) #....'..##
#...##).w._. #....####
#...##...... #.......#
#...#....### #.......#
#..##...##y# #.......#
##.##....### #.......#
#.##....... ##...).## #.#*#......


You could see a jelly and an ooze.

Vanquished Creatures
  An orc priest (D:3)
  Jessica (D:3)
  2 gnolls (D:3)
  2 adders
  4 oozes
  3 worms (D:3)
  2 dart slugs
  A leopard gecko (D:1)
  7 orcs
  5 giant cockroaches
  7 hobgoblins
  4 jackals (D:3)
  A quokka (D:4)
  3 ball pythons
  5 bats
  2 frilled lizards
  10 goblins
  18 kobolds
  7 rats
85 creatures vanquished.

Vanquished Creatures (others)
  6 toadstools (D:3)
6 creatures vanquished.

Grand Total: 91 creatures vanquished

Notes
Turn   | Place    | Note
-------+----------+-------------------------------------------
     0 | D:1      | PentaManta the Spriggan Assassin began the quest for the
                  | Orb.
     0 | D:1      | Reached XP level 1. HP: 10/10 MP: 2/2
    68 | D:1      | Reached skill level 6 in Stealth
    97 | D:1      | Reached XP level 2. HP: 9/15 MP: 3/3
  1014 | D:1      | Reached XP level 3. HP: 14/18 MP: 4/4
  1535 | D:2      | Reached skill level 7 in Stealth
  2565 | D:3      | Noticed Jessica
  2631 | D:3      | Killed Jessica
  2631 | D:3      | Reached XP level 4. HP: 3/23 MP: 5/5
  3053 | D:3      | Noticed a moth of wrath
  3056 | D:3      | Found a bloodstained altar of Trog.
  3836 | D:3      | Reached XP level 5. HP: 14/27 MP: 6/6
  4338 | D:3      | Gained mutation: Your body sometimes deteriorates upon
                  | taking damage. [potion of mutation]
  4338 | D:3      | Gained mutation: Your spells are a little easier to cast,
                  | but a little less powerful. [potion of mutation]
  4338 | D:3      | Gained mutation: You have sharp fingernails. [potion of
                  | mutation]
  4338 | D:3      | Gained mutation: You are partially covered in icy blue
                  | scales. (AC +2) [potion of mutation]
  4339 | D:3      | Lost mutation: Your body sometimes deteriorates upon taking
                  | damage. [potion of mutation]
  4339 | D:3      | Lost mutation: You have sharp fingernails. [potion of
                  | mutation]
  4339 | D:3      | Gained mutation: You have a somewhat thin skeletal
                  | structure. (Dex +2, Stealth) [potion of mutation]
  4339 | D:3      | Gained mutation: You have a pair of small horns on your
                  | head. [potion of mutation]
  4377 | D:3      | Splashed by a jelly's acid

Skill      XL: |  1  2  3  4  5 |
---------------+----------------+-----
Stealth        | 6 7 |  7.0
Fighting       | 2 |  2.7
Dodging        | 2 3 4 |  4.6
Short Blades   | 3 |  3.7
Throwing       | |  2.0

Action                   |  1- 3 |  4- 6 || total
-------------------------+-------+-------++-------
Melee: Dagger            |   170 |       ||   170
       Short sword       |     7 |   142 ||   149
       Headbutt          |       |     3 ||     3
Throw: Throwing net      |       |     2 ||     2
  Use: Scroll            |       |     9 ||     9
       Potion            |       |     2 ||     2
 Stab: Sleeping          |    12 |     5 ||    17
       Distracted        |       |     3 ||     3
  Eat: Ration            |     2 |     1 ||     3
Armor: Robe              |    20 |     6 ||    26
Dodge: Dodged            |   111 |    85 ||   196
